 Dungeon Crawl Stone Soup version 0.25-a0-766-g0ecfff5982 (webtiles) character file.

Game seed: 14740545099300456313, levelgen mode: deterministic

1 Caerthir the Scratcher (level 1, -1/9 HPs)
             Began as a Felid Transmuter on Apr 13, 2020.
             Slain by a hobgoblin
             ... wielding a +0 club
              (4 damage)
             ... on level 1 of the Dungeon.
             The game lasted 00:00:57 (101 turns).

Caerthir the Scratcher (Felid Transmuter)            Turns: 101, Time: 00:00:57

Health: -1/9       AC:  1    Str:  6    XL:     1   Next: 16%
Magic:  4/4        EV: 18    Int: 14    God:
Gold:   6          SH:  0    Dex: 16    Spells: 3/4 levels left
                                        Lives:  0   Deaths: 0

rFire    . . .     SeeInvis +     - Unarmed
rCold    . . .     Gourm    .   (shield unavailable)
rNeg     . . .     Faith    .   (armour unavailable)
rPois    .         Spirit   .   (helmet unavailable)
rElec    .         Reflect  .   (cloak unavailable)
rCorr    .         Harm     .   (gloves unavailable)
MR       .....                  (boots unavailable)
Stlth    ++........             (no amulet)
HPRegen  0.03/turn              (no ring)
MPRegen  0.09/turn              (no ring)

@: quick
A: very small, no armour, no weapons or thrown items, stealth, claws 1, fangs 3,
see invisible, carnivore, speed 1, shaggy fur 1, slow metabolism 1, sharp paws
a: no special abilities


You were on level 1 of the Dungeon.
You were full.

You visited 1 branch of the dungeon, and saw 1 of its levels.

You collected 6 gold pieces.

Inventory:

Hand Weapons
 d - a +0 club
Missiles
 a - 12 arrows
Comestibles
 c - a ration


   Skills:
 + Level 1.0 Fighting
 + Level 2.6 Dodging
 + Level 3.1 Unarmed Combat
 + Level 2.0 Spellcasting
 + Level 2.1 Transmutations


You had 3 spell levels left.
You knew the following spells:

 Your Spells              Type           Power        Failure   Level  Hunger
a - Beastly Appendage     Tmut           #.....       10%         1    ##.....

Your spell library contained the following spells:

 Spells                   Type           Power        Failure   Level  Hunger
 Sticks to Snakes         Tmut           #.......     14%         2    ###....
 Spider Form              Tmut/Pois      #.........   41%         3    ####...
 Ice Form                 Ice/Tmut       #.......     83%         4    #####..
 Blade Hands              Tmut           #.........   95%         5    ######.


Dungeon Overview and Level Annotations

Branches:
Dungeon (1/15)

Altars:


Innate Abilities, Weirdness & Mutations

You cannot wear armour.
You are incapable of wielding weapons or throwing items.
Your paws allow you to move quietly. (Stealth)
You have sharp claws.
You have razor-sharp teeth.
You have supernaturally acute eyesight. (SInv)
You are carnivorous and can eat meat at any time.
You cover ground quickly.
You are covered in fur. (AC +1)
You have a slow metabolism.
Your sharp claws are effective at attacking unaware monsters.


Message History

Things that are here:
a +0 club; a hobgoblin skeleton
Things that are here:
a +0 club; a hobgoblin skeleton
d - a +0 club Drop what? 4/52 slots (_ for help) (? for menu, Esc to quit)
Okay, then.
Eating one of 2 chunks of flesh.
You eat one of the 2 chunks of flesh.
This raw flesh tastes great.
Eating a chunk of flesh.
You eat the chunk of flesh.
This raw flesh tastes great.
A hobgoblin and a kobold come into view.
The hobgoblin moves out of view.
A goblin comes into view. It is wielding a +0 short sword.
The kobold shouts!
The goblin shouts!
The hobgoblin shouts!
The kobold throws a stone.
The stone hits you but does no damage.
You see here a stone.
The goblin misses you.
The kobold throws a stone.
The stone hits you. The hobgoblin hits you with a +0 club.
You die...

... ........#
..........#.##
... .........
##.##......
#.........
#.......# # #..
#.......##.##
#...#.....(.....#
#...#....##@....#
#.........#gg..K#
#.........#.....#
#.........#.....#
#.........#.....#
#.........#.....#
######.####......
#.# #.....## #.#


You could see a hobgoblin, a goblin and a kobold.

Vanquished Creatures
  A hobgoblin (D:1)
1 creature vanquished.

Notes
Turn   | Place    | Note
-------+----------+-------------------------------------------
     0 | D:1      | Caerthir the Felid Transmuter began the quest for the Orb.
     0 | D:1      | Reached XP level 1. HP: 9/9 MP: 4/4
   101 | D:1      | Slain by a hobgoblin

Levels and vault maps discovered:
D:1:      dpeg_arrival_more_subterranean_lakeside_camping, layout_basic

Action                   || total
-------------------------++-------
Melee: Unarmed           ||     2
       Bite              ||     1
  Eat: Chunk             ||     2
Dodge: Dodged            ||     1

Table legend:
 A = Non-vault XP
 B = Vault XP
 C = Vault XP percentage of total XP
 D = Non-vault monster count
 E = Vault monster count
 F = Vault count percentage of total count
                 A         B        C        D         E       F
            +---------+---------+-------+---------+---------+-------
      Total |       2 |       0 |   0.0 |       1 |       0 |   0.0
            +---------+---------+-------+---------+---------+-------
        D:1 |       2 |       0 |   0.0 |       1 |       0 |   0.0
            +---------+---------+-------+---------+---------+-------
